 Dungeon Crawl Stone Soup version 0.24-a0-434-gd57e52fea8 (console) character file.

Game seed: 6292597092696859190

797 Lexodia the Insei (level 7, -1/53 HPs)
             Began as a Gnoll Transmuter on June 17, 2019.
             Slain by a bullfrog zombie (2 damage)
             ... on level 5 of the Dungeon.
             The game lasted 00:07:40 (2211 turns).

Lexodia the Insei (Gnoll Transmuter)                Turns: 2211, Time: 00:07:40

Health: -1/53      AC:  2    Str: 12    XL:     7   Next: 89%
Magic:  12/15      EV: 24    Int: 18    God:
Gold:   106        SH:  0    Dex: 20    Spells: 11/17 levels left

rFire    . . .     SeeInvis .     - Unarmed
rCold    . . .     Gourm    .   (shield currently unavailable)
rNeg     . . .     Faith    .   (armour currently unavailable)
rPois    x         Spirit   .   (helmet currently unavailable)
rElec    .         Reflect  .   (cloak currently unavailable)
rCorr    .         Harm     .   (gloves currently unavailable)
MR       .....                  (boots currently unavailable)
Stlth    +++.......             (no amulet)
HPRegen  0.17/turn              (no ring)
MPRegen  0.14/turn              (no ring)

@: spider-form
A: tiny, distributed training, strong nose
a: End Transformation


You were on level 5 of the Dungeon.
You were not hungry.
You were a venomous arachnid creature.
You visited 1 branch of the dungeon, and saw 4 of its levels.

You collected 106 gold pieces.

Inventory:

Missiles
 a - 36 arrows
 e - 12 stones
 l - 5 boomerangs (quivered)
Armour
 b - a +0 robe (melded)
 f - a +0 pair of boots (melded)
Scrolls
 g - a scroll of enchant weapon {unknown}
 h - 3 scrolls of remove curse {unknown}
 j - 3 scrolls of identify {unknown}
 n - 3 scrolls of noise {unknown}
 o - a scroll of magic mapping {unknown}
 q - a scroll of teleportation {unknown}
 r - a scroll of holy word {unknown}
Potions
 k - a potion of degeneration {unknown}
 m - a potion of lignification {unknown}
 p - a potion of magic {unknown}
Comestibles
 c - 9 chunks of flesh
 d - 7 rations


   Skills:
 + Level 3.8 Fighting
 + Level 2.7 Short Blades
 + Level 2.7 Long Blades
 + Level 2.7 Axes
 + Level 2.7 Maces & Flails
 + Level 2.7 Polearms
 + Level 2.7 Staves
 + Level 2.7 Slings
 + Level 2.7 Bows
 + Level 2.7 Crossbows
 + Level 2.7 Throwing
 + Level 2.7 Armour
 + Level 5.3 Dodging
 + Level 2.7 Stealth
 + Level 2.7 Shields
 + Level 7.1 Unarmed Combat
 + Level 5.7 Spellcasting
 + Level 2.2 Conjurations
 + Level 2.2 Hexes
 + Level 2.2 Charms
 + Level 2.2 Summonings
 + Level 2.2 Necromancy
 + Level 2.2 Translocations
 + Level 4.4 Transmutations
 + Level 2.2 Fire Magic
 + Level 2.2 Ice Magic
 + Level 2.2 Air Magic
 + Level 2.2 Earth Magic
 + Level 2.2 Poison Magic
 + Level 3.0 Invocations
 + Level 2.7 Evocations


You had 11 spell levels left.
You knew the following spells:

 Your Spells              Type           Power        Failure   Level  Hunger
a - Beastly Appendage     Tmut           ###...       8%          1    None
b - Sticks to Snakes      Tmut           ###.....     11%         2    None
c - Spider Form           Tmut/Pois      ###.......   24%         3    ##.....

Your spell library contained the following spells:

 Spells                   Type           Power        Failure   Level  Hunger
 Ice Form                 Ice/Tmut       ###.....     52%         4    ####...
 Blade Hands              Tmut           ###.......   71%         5    #####..


Dungeon Overview and Level Annotations

Branches:
Dungeon (5/15)
 Temple: D:4-7

Altars:
Gozag
Xom
Yredelemnul
The Shining One

Shops:
D:4 ?   D:5 *


Innate Abilities, Weirdness & Mutations

Your experience applies equally to all skills.
((You have very sharp teeth.))
Your uncanny sense of smell can sniff out nearby items.


Message History

You hit the orc.
You kill the orc!
The orc wizard hits you with a +0 dagger.
* * * LOW HITPOINT WARNING * * *
The bullfrog zombie closely misses you.
Huge Dmg: -6%(-3hp) hp: 8%(4hp)
The orc wizard closely misses you.
The orc wizard mumbles some strange words.
The orc wizard blinks!
Found a ration.
You completely miss the bullfrog zombie.
The bullfrog zombie hits you.
* * * LOW HITPOINT WARNING * * *
The orc wizard mumbles some strange words.
The orc wizard blinks!
Huge Dmg: -8%(-4hp) hp: 2%(1hp)
You bite the bullfrog zombie!
The bullfrog zombie is moderately damaged.
The bullfrog zombie hits you.
You die...

..........#..............≈.
..........###............≈.
......o........#.........≈≈
.......).†#...##...#.....##
........)...###.........##
....§...)).## #.#.##....##
...........# ...#.###.#..#
........§Z.#....#.. #.##.#
#####....#s.....# #..#.#
......#...#.### #....#
###...#...# # #.#..##
#.#...### #.##†.. #..#....
#..#..) ......#.# ##.###.
.. ...%. .###.###. .....#
........# ....###.#


You could see an orc wizard and a bullfrog zombie.

Vanquished Creatures
  An ogre (D:5)
  A big kobold (D:4)
  A scorpion (D:4)
  A howler monkey (D:4)
  A crimson imp (D:5)
  2 orc priests (D:5)
  A jelly (D:5)
  2 iguanas (D:4)
  Natasha (thrice) (D:4)
  4 worker ants
  2 orc wizards (D:5)
  A hound skeleton (D:5)
  A worker ant zombie (D:5)
  A howler monkey skeleton (D:5)
  4 adders
  A gnoll (D:1)
  2 oozes
  2 worms
  2 dart slugs (D:1)
  2 leopard geckos
  8 orcs
  2 ball pythons
  3 bats (D:1)
  6 giant cockroaches
  2 goblins (D:1)
  3 hobgoblins
  3 jackals (D:5)
  A quokka (D:5)
  5 frilled lizards
  A jackal skeleton (D:4)
  6 kobolds
  5 rats
80 creatures vanquished.

Notes
Turn   | Place    | Note
-------+----------+-------------------------------------------
     0 | D:1      | Lexodia the Gnoll Transmuter began the quest for the Orb.
     0 | D:1      | Reached XP level 1. HP: 17/17 MP: 6/6
    29 | D:1      | Huge Dmg: 4 dmg
    30 | D:1      | Huge Dmg: 4 dmg
    34 | D:1      | Reached XP level 2. HP: 6/23 MP: 4/7
   297 | D:1      | Huge Dmg: 4 dmg
   353 | D:1      | Huge Dmg: 8 dmg
   353 | D:1      | Reached skill level 5 in Spellcasting
   353 | D:1      | Reached XP level 3. HP: 9/28 MP: 6/9
   605 | D:1      | Learned a level 2 spell: Sticks to Snakes
   609 | D:1      | Learned a level 3 spell: Spider Form
   731 | D:1      | Reached skill level 1 in Invocations
  1089 | D:2      | Reached skill level 1 in Short Blades
  1089 | D:2      | Reached skill level 1 in Long Blades
  1089 | D:2      | Reached skill level 1 in Axes
  1089 | D:2      | Reached skill level 1 in Maces & Flails
  1089 | D:2      | Reached skill level 1 in Polearms
  1089 | D:2      | Reached skill level 1 in Staves
  1089 | D:2      | Reached skill level 1 in Slings
  1089 | D:2      | Reached skill level 1 in Bows
  1089 | D:2      | Reached skill level 1 in Crossbows
  1089 | D:2      | Reached skill level 1 in Throwing
  1089 | D:2      | Reached skill level 1 in Armour
  1089 | D:2      | Reached skill level 1 in Stealth
  1089 | D:2      | Reached skill level 1 in Shields
  1089 | D:2      | Reached skill level 1 in Evocations
  1141 | D:2      | Reached XP level 4. HP: 29/34 MP: 8/11
  1205 | D:2      | You fall into a shaft and drop 2 floors!
  1226 | D:4      | Found a basalt altar of Yredelemnul.
  1234 | D:4      | Noticed a big kobold
  1249 | D:4      | Reached skill level 1 in Conjurations
  1249 | D:4      | Reached skill level 1 in Hexes
  1249 | D:4      | Reached skill level 1 in Charms
  1249 | D:4      | Reached skill level 1 in Summonings
  1249 | D:4      | Reached skill level 1 in Necromancy
  1249 | D:4      | Reached skill level 1 in Translocations
  1249 | D:4      | Reached skill level 1 in Fire Magic
  1249 | D:4      | Reached skill level 1 in Ice Magic
  1249 | D:4      | Reached skill level 1 in Air Magic
  1249 | D:4      | Reached skill level 1 in Earth Magic
  1249 | D:4      | Reached skill level 1 in Poison Magic
  1251 | D:4      | Huge Dmg: 8 dmg
  1252 | D:4      | Reached XP level 5. HP: 31/40 MP: 8/12
  1272 | D:4      | Killed a big kobold
  1274 | D:4      | Huge Dmg: 6 dmg
  1522 | D:4      | Reached XP level 6. HP: 47/47 MP: 7/13
  1533 | D:4      | Reached skill level 5 in Dodging
  1534 | D:4      | Noticed Natasha
  1543 | D:4      | Killed Natasha
  1556 | D:4      | Noticed Natasha
  1560 | D:4      | Found Pumuar's Magic Scroll Emporium.
  1562 | D:4      | Killed Natasha
  1595 | D:4      | Noticed Natasha
  1613 | D:4      | Killed Natasha
  1613 | D:4      | Reached XP level 7. HP: 38/52 MP: 12/15
  1878 | D:5      | Entered Level 5 of the Dungeon
  1878 | D:5      | Found a glowing golden altar of the Shining One.
  1886 | D:5      | Found an opulent altar of Gozag.
  1916 | D:5      | Found a shimmering altar of Xom.
  1935 | D:5      | Found Gozag's Platinum Reserve.
  1967 | D:5      | Reached skill level 7 in Unarmed Combat
  2191 | D:5      | Huge Dmg: 9 dmg
  2193 | D:5      | Huge Dmg: 10 dmg
  2196 | D:5      | Huge Dmg: 8 dmg
  2197 | D:5      | Huge Dmg: 2 dmg
  2202 | D:5      | HP: 1/53 [worker ant (5)]
  2203 | D:5      | Huge Dmg: 10 dmg
  2208 | D:5      | Huge Dmg: 3 dmg
  2210 | D:5      | HP: 1/53 [bullfrog zombie (4)]
  2211 | D:5      | Huge Dmg: 4 dmg
  2211 | D:5      | Slain by a bullfrog zombie

Levels and vault maps discovered:
D:1:      ncdulo_watergridlock, layout_loops_ring,
          ebering_dispersal_statue_hall, minmay_misc_feat_cross
D:2:      layout_basic, lemuel_doored_altar, gammafunk_temple_overflow_elements
D:4:      layout_rooms, kennysheep_little_box, serial_shops,
          nicolae_shop_crystal, uniq_natasha
D:5:      layout_rooms, grunt_temple_overflow_open, lemuel_round_altar,
          first_ration, nicolae_gozag_zags_fifth_avenue

Skill      XL: |  1  2  3  4  5  6  7 |
---------------+----------------------+-----
Spellcasting   | 5 |  5.7
Invocations    | 1 2 3 |  3.0
Short Blades   | 1 2 |  2.7
Long Blades    | 1 2 |  2.7
Axes           | 1 2 |  2.7
Maces & Flails | 1 2 |  2.7
Polearms       | 1 2 |  2.7
Staves         | 1 2 |  2.7
Slings         | 1 2 |  2.7
Bows           | 1 2 |  2.7
Crossbows      | 1 2 |  2.7
Throwing       | 1 2 |  2.7
Armour         | 1 2 |  2.7
Stealth        | 1 2 |  2.7
Shields        | 1 2 |  2.7
Evocations     | 1 2 |  2.7
Conjurations   | 1 2 |  2.2
Hexes          | 1 2 |  2.2
Charms         | 1 2 |  2.2
Summonings     | 1 2 |  2.2
Necromancy     | 1 2 |  2.2
Translocations | 1 2 |  2.2
Fire Magic     | 1 2 |  2.2
Ice Magic      | 1 2 |  2.2
Air Magic      | 1 2 |  2.2
Earth Magic    | 1 2 |  2.2
Poison Magic   | 1 2 |  2.2
Fighting       | 3 |  3.8
Transmutations | 4 |  4.4
Dodging        | 5 |  5.3
Unarmed Combat | 7 |  7.1

Action                   |  1- 3 |  4- 6 |  7- 9 || total
-------------------------+-------+-------+-------++-------
Melee: Unarmed           |    67 |    84 |    85 ||   236
       Kick              |     5 |       |       ||     5
       Bite              |     3 |     2 |     2 ||     7
       Punch             |     1 |     1 |       ||     2
       Headbutt          |       |     1 |       ||     1
Throw: Boomerang         |       |     9 |       ||     9
 Cast: Beastly Appendage |     4 |     1 |       ||     5
       Spider Form       |     4 |     8 |     7 ||    19
  Use: Potion            |       |       |     2 ||     2
 Stab: Sleeping          |     5 |     1 |       ||     6
  Eat: Chunk             |     1 |     1 |     4 ||     6
Armor: Robe              |    10 |       |     2 ||    12
       Skin              |       |     3 |     5 ||     8
Dodge: Dodged            |    36 |    82 |   109 ||   227

Table legend:
 A = Non-vault XP
 B = Vault XP
 C = Vault XP percentage of total XP
 D = Non-vault monster count
 E = Vault monster count
 F = Vault count percentage of total count
                 A         B        C        D         E       F
            +---------+---------+-------+---------+---------+-------
      Total |    1104 |      35 |   3.1 |      79 |       1 |   1.2
            +---------+---------+-------+---------+---------+-------
        D:1 |      62 |       0 |   0.0 |      26 |       0 |   0.0
        D:2 |      40 |       0 |   0.0 |       8 |       0 |   0.0
        D:4 |     499 |      35 |   6.6 |      22 |       1 |   4.3
        D:5 |     503 |       0 |   0.0 |      23 |       0 |   0.0
            +---------+---------+-------+---------+---------+-------
